 Dungeon Crawl Stone Soup version 0.17-a0-702-gb3a3556 (webtiles) character file.

286 ahoge the Basher (level 6, -1/51 HPs)
             Began as a Minotaur Berserker on Apr 19, 2015.
             Was a Believer of Trog.
             Slain by a gnoll
             ... wielding a cursed -3 spear
              (4 damage)
             ... on level 4 of the Dungeon.
             The game lasted 00:09:56 (2279 turns).

ahoge the Basher (Minotaur Berserker)               Turns: 2279, Time: 00:09:56

Health: -1/51      AC:  3    Str: 21    XL:     6   Next: 8%
Magic:  5/5        EV: 12    Int:  4    God:    Trog [**....]
Gold:   201        SH:  0    Dex: 12    Spells: 0 memorised, 5 levels left

rFire  . . .     SeeInvis .     a - +1 mace
rCold  . . .     Clarity  .     b - +1 animal skin
rNeg   . . .     SustAb   .     (no shield)
rPois  .         Gourm    .     (helmet restricted)
rElec  .         Spirit   .     (no cloak)
rCorr  .         Warding  .     (no gloves)
rMut   .         Stasis   .     (no boots)
MR     .....                    (no amulet)
Stlth  +.........               (no ring)
                                (no ring)

@: not resistant to hostile enchantments, very unstealthy
A: retaliatory headbutt, horns 2
a: Burn Spellbooks, Berserk, Trog's Hand, Renounce Religion


You were on level 4 of the Dungeon.
You worshipped Trog.
Trog was pleased with you.
You were not hungry.

You visited 1 branch of the dungeon, and saw 4 of its levels.

You collected 201 gold pieces.

Inventory:

Hand weapons
 a - a +1 mace (weapon)
Armour
 b - a +1 animal skin (worn)
Jewellery
 j - an uncursed ring of ice {unknown}
Magical devices
 o - a wand of draining (7)
Scrolls
 e - a scroll of identify
 k - 2 scrolls of magic mapping
 n - 2 scrolls of teleportation
Potions
 g - a potion of might {unknown}
 i - a potion of agility {unknown}
 m - a potion of heal wounds {unknown}
Comestibles
 c - 3 bread rations
 d - 4 meat rations
 f - 6 chunks of flesh
 h - 2 beef jerkies
 l - 2 fruits


   Skills:
 - Level 3.6 Fighting
 + Level 8.3 Maces & Flails
 - Level 2.4 Armour
 - Level 2.1 Dodging


You had 5 spell levels left.
You didn't know any spells.

Dungeon Overview and Level Annotations

Branches:
Dungeon (4/15)
 Temple: D:4-7

Altars:
Dithmenos
Kikubaaqudgha
Makhleb
Nemelex Xobeh
Okawaru
Qazlal
Trog
Yredelemnul

Shops:
D:4 [


Innate Abilities, Weirdness & Mutations

You reflexively headbutt those who attack you in melee.
You have a pair of horns on your head.


Message History

The gnoll is heavily wounded.
The gnoll hits you with a spear!
* * * LOW HITPOINT WARNING * * *
You are too injured to fight recklessly!
You are too injured to fight recklessly!
You are too injured to fight recklessly!
You are too injured to fight recklessly!
You are too injured to fight recklessly!
You sock the gnoll!
The gnoll is almost dead.
The gnoll misses you. The gnoll closely misses you.
You hit the gnoll.
You kill the gnoll!
Trog accepts your kill.
The gnoll hits you from afar with a spear.
* * * LOW HITPOINT WARNING * * *
The gnoll hits you from afar with a spear.
* * * LOW HITPOINT WARNING * * *
The gnoll hits you with a spear.
You die...

#.# #.# #.#
###.# #....
#...# #
####...## # +
+.......##.# #
#.g@....#
##.#.#### ###
###.# ..# #).#
..# #+# #)##
..# #.# #.#
..# #.# #.#
..###.########
#.#
.............#
#.#


You could see a gnoll.

Vanquished Creatures
  A wyvern zombie (D:3)
  3 hounds
  4 gnolls
  3 adders
  2 oozes
  2 worms (D:3)
  2 giant geckos (D:1)
  A ball python (D:4)
  4 bats
  A bat skeleton (D:4)
  4 giant cockroaches
  5 goblins
  4 hobgoblins
  A quokka (D:2)
  5 giant newts
  10 kobolds
  10 rats
  A spectral orc (D:2)
  A plant (D:2)
64 creatures vanquished.

Vanquished Creatures (others)
  A giant spore (D:4)
1 creature vanquished.

Grand Total: 65 creatures vanquished

Notes
Turn   | Place    | Note
--------------------------------------------------------------
     0 | D:1      | ahoge, the Minotaur Berserker, began the quest for the Orb.
     0 | D:1      | Reached XP level 1. HP: 19/19 MP: 0/0
    58 | D:1      | Reached skill level 4 in Maces & Flails
   131 | D:1      | Reached XP level 2. HP: 26/26 MP: 1/1
   474 | D:2      | Acquired Trog's second power
   569 | D:2      | Reached skill level 5 in Maces & Flails
   569 | D:2      | Reached XP level 3. HP: 15/31 MP: 2/2
   585 | D:2      | Found a bloodstained altar of Trog.
   943 | D:2      | Found a basalt altar of Yredelemnul.
  1519 | D:3      | Reached skill level 6 in Maces & Flails
  1519 | D:3      | Reached XP level 4. HP: 16/39 MP: 3/3
  1557 | D:3      | Found a stormy altar of Qazlal.
  1568 | D:3      | Found a shadowy altar of Dithmenos.
  1571 | D:3      | Found a burning altar of Makhleb.
  1574 | D:3      | Found a sparkling altar of Nemelex Xobeh.
  1626 | D:3      | Reached skill level 7 in Maces & Flails
  1626 | D:3      | Reached XP level 5. HP: 6/45 MP: 4/4
  1783 | D:3      | Found an ancient bone altar of Kikubaaqudgha.
  1783 | D:3      | Found an iron altar of Okawaru.
  2068 | D:4      | Found Ifecvi's Armour Emporium.
  2175 | D:4      | Reached skill level 8 in Maces & Flails
  2264 | D:4      | Reached XP level 6. HP: 14/51 MP: 5/5
  2279 | D:4      | Slain by a gnoll

Action                   |  1- 3 |  4- 6 || total
-------------------------+-------+-------++-------
Melee: Mace              |   106 |    55 ||   161
Invok: Trog's Hand       |     2 |     2 ||     4
       Berserk           |     1 |     1 ||     2
  Use: Scroll            |     7 |     1 ||     8
 Stab: Sleeping          |       |     1 ||     1
  Eat: Chunk             |     2 |     5 ||     7
